 Dungeon Crawl Stone Soup version 0.29-a0-563-g64e4043184 (webtiles) character file.

Game seed: 17186015719369815641

31 spaghetti the Covert (level 3, -1/35 HPs)
             Began as a Gnoll Delver on June 12, 2022.
             Slain by a phantom (5 damage)
             ... on level 4 of the Dungeon.
             The game lasted 00:00:23 (120 turns).

spaghetti the Covert (Gnoll Delver)                  Turns: 120, Time: 00:00:24

Health: -1/35      AC:  3    Str: 11    XL:     3   Next: 22%
Magic:  4/4        EV: 13    Int:  9    God:
Gold:   23         SH:  0    Dex: 15    Spells: 3/3 levels left

rFire   . . .      SeeInvis .   a - +0 short sword {short}
rCold   . . .      Faith    .   (no shield)
rNeg    . . .      Spirit   .   b - +0 leather armour
rPois   .          Reflect  .   (no helmet)
rElec   .          Harm     .   (no cloak)
rCorr   .          Rampage  .   (no gloves)
Will    .....                   (no boots)
Stlth   ++++......              (no amulet)
HPRegen 0.11/turn               (no ring)
MPRegen 0.09/turn               (no ring)

@: no status effects
A: fangs 1, strong nose, distributed training
a: no special abilities


You were on level 4 of the Dungeon.
You visited 1 branch of the dungeon, and saw 2 of its levels.

You collected 23 gold pieces.


Innate Abilities, Weirdness & Mutations

You have very sharp teeth.
Your uncanny sense of smell can sniff out nearby items.
Your experience applies equally to all skills.


   Skills:
 + Level 6.5 Fighting
 + Level 4.5 Short Blades
 + Level 0.7 Long Blades
 + Level 0.7 Axes
 + Level 0.7 Maces & Flails
 + Level 0.7 Polearms
 + Level 0.7 Staves
 + Level 0.7 Slings
 + Level 0.7 Bows
 + Level 0.7 Crossbows
 + Level 0.7 Throwing
 + Level 0.7 Armour
 + Level 4.5 Dodging
 + Level 9.5 Stealth
 + Level 0.7 Shields
 + Level 0.7 Unarmed Combat
 + Level 0.7 Spellcasting
 + Level 0.5 Conjurations
 + Level 0.5 Hexes
 + Level 0.5 Summonings
 + Level 0.5 Necromancy
 + Level 0.5 Translocations
 + Level 0.5 Transmutations
 + Level 0.5 Fire Magic
 + Level 0.5 Ice Magic
 + Level 0.5 Air Magic
 + Level 0.5 Earth Magic
 + Level 0.5 Poison Magic
 + Level 0.9 Invocations
 + Level 0.7 Evocations


You had 3 spell levels left.
You didn't know any spells.
Your spell library was empty.

Inventory:

Hand Weapons
 a - a +0 short sword (weapon) {short}
Armour
 b - a +0 leather armour (worn)
Jewellery
 i - a ring of protection from fire
   (You found it on level 5 of the Dungeon)
Wands
 g - a wand of digging (3)
Scrolls
 c - a scroll of fog
 d - a scroll of magic mapping {!r}
 e - a scroll of fear
Potions
 f - a potion of haste {@q3}

Dungeon Overview and Level Annotations

Branches:
Dungeon (5/15)
 Temple: D:4-7

Altars:
Wu Jian

∆ #### #
#?..###.#.#
#..5.W....#
#...@.....#
#....[......
#.........##
#...#####.#
#... # ....
##... .[..


You could see a phantom and an ufetubus.


Message History

You feel agile. x2 😎 HP[+12]
You now have 35 max hp (+12).
Your hp is fully restored (35).
Found an ornate altar of the Wu Jian Council. 😎 MP[+3]
Your mp is fully restored (4).
A phantom comes into view.
A phantom is nearby!
A phantom is nearby!
The phantom hits you.
The phantom blinks!
You blink.
An adder comes into view. 😕 HP[-3]
You take 3 damage, and now have 32/35 hp.
Unknown command.
You are too injured to fight recklessly!
You are too injured to fight recklessly!
You are too injured to fight recklessly!
You barely miss the phantom. The phantom hits you.
The phantom blinks!
You blink.
An ufetubus comes into view.
Found 15 gold pieces.
Found an escape hatch in the ceiling. 😕 HP[-2]
You take 2 damage, and now have 30/35 hp.
Unknown command.
Unknown command.
You are too injured to fight recklessly!
The phantom attacks as you move away! The phantom hits you.
The ufetubus shouts!
The adder hisses angrily. 😕 HP[-3]
You take 3 damage, and now have 27/35 hp.
The adder barely misses you. The adder completely misses you.
The phantom attacks as you move away! The phantom closely misses you.
The phantom attacks as you move away! The phantom hits you.
There is an escape hatch in the ceiling here. 😮 HP[-2]
You take 2 damage, and now have 25/35 hp.
The adder bites you. The phantom hits you.
The phantom blinks!
You blink.
You stop ascending the stairs. 😮 HP[-3]
You take 3 damage, and now have 22/35 hp.
Unknown command.
Unknown command.
Unknown command.
You are too injured to fight recklessly!
The phantom attacks as you move away! The phantom misses you.
The phantom attacks as you move away! The phantom hits you. 😮 HP[-3]
You take 3 damage, and now have 19/35 hp.
Okay, then.
Okay, then.
As you read the scroll labelled QEPHYPESAE, it crumbles to dust.
It is a scroll of identify.
You don't have any unidentified items.
The phantom hits you.
* * * LOW HITPOINT WARNING * * *
The phantom blinks!
You blink. 😨 HP[-2]
You take 2 damage, and now have 17/35 hp.
Unknown command.
Unknown command.
The ufetubus misses you. The ufetubus barely misses you. The ufetubus hits you.
* * * LOW HITPOINT WARNING * * *
The ufetubus barely misses you. 😨 HP[-2]
You take 2 damage, and now have 15/35 hp.
The phantom attacks as you move away! The phantom barely misses you.
The ufetubus hits you.
* * * LOW HITPOINT WARNING * * *
The ufetubus closely misses you. 😨 HP[-3]
You take 3 damage, and now have 12/35 hp.
The ufetubus attacks as you move away! The ufetubus hits you.
* * * LOW HITPOINT WARNING * * *
The ufetubus hits you but does no damage. 😨 HP[-1]
You take 1 damage, and now have 11/35 hp.
The phantom attacks as you move away! The phantom hits you.
* * * LOW HITPOINT WARNING * * *
The ufetubus barely misses you. The ufetubus misses you.
There is an escape hatch in the ceiling here. 😨 HP[-2]
You take 2 damage, and now have 9/35 hp.
The phantom hits you but does no damage.
The ufetubus hits you.
* * * LOW HITPOINT WARNING * * *
The ufetubus closely misses you. The adder closely misses you.
A mysterious force pulls you upwards.
The hatch slams shut behind you. 😱 HP[-2]
You take 2 damage, and now have 7/35 hp.
Unknown command.
Unknown command.
Unknown command.
You hit the phantom but do no damage. The ufetubus hits you.
* * * LOW HITPOINT WARNING * * *
The ufetubus closely misses you. The phantom hits you.
You die...

Skill      XL: | |
---------------+-+-----
Stealth        | |  9.5
Fighting       | |  6.5
Short Blades   | |  4.5
Long Blades    | |  0.7
Axes           | |  0.7
Maces & Flails | |  0.7
Polearms       | |  0.7
Staves         | |  0.7
Slings         | |  0.7
Bows           | |  0.7
Crossbows      | |  0.7
Throwing       | |  0.7
Armour         | |  0.7
Dodging        | |  4.5
Shields        | |  0.7
Unarmed Combat | |  0.7
Spellcasting   | |  0.7
Conjurations   | |  0.5
Hexes          | |  0.5
Summonings     | |  0.5
Necromancy     | |  0.5
Translocations | |  0.5
Transmutations | |  0.5
Fire Magic     | |  0.5
Ice Magic      | |  0.5
Air Magic      | |  0.5
Earth Magic    | |  0.5
Poison Magic   | |  0.5
Invocations    | |  0.9
Evocations     | |  0.7

Action                   || total
-------------------------++-------
Melee: Short sword       ||     3
  Use: Scroll            ||     1
 Stab: Sleeping          ||     1
Armor: Leather armour    ||     2
Dodge: Dodged            ||    14

Levels and vault maps discovered:
D:4:      layout_basic, kennysheep_cluttered_room
D:5:      layout_basic, kennysheep_vampire_church,
          pdpol_wu_jian_five_deadly_venoms, uniq_ijyb, uniq_grinder

Notes
Turn   | Place    | Note
-------+----------+-------------------------------------------
     0 | D:5      | Reached skill level 9 in Stealth
     0 | D:5      | spaghetti the Gnoll Delver began the quest for the Orb.
     0 | D:5      | Reached XP level 1. HP: 23/23 MP: 1/1
     0 | D:5      | magus.rc [v1.9.6]
    35 | D:5      | Noticed a jelly
    42 | D:5      | Killed a jelly
    43 | D:5      | Reached XP level 2. HP: 29/29 MP: 1/3
    43 | D:5      | Reached XP level 3. HP: 35/35 MP: 1/4
    82 | D:5      | Found an ornate altar of the Wu Jian Council.
   100 | D:5      | Noticed a phantom
   118 | D:5      | HP: 7/35 [ufetubus (2)]
   120 | D:4      | Slain by a phantom

Vanquished Creatures
  A jelly (D:5)
1 creature vanquished.

Table legend:
 A = Non-vault XP
 B = Vault XP
 C = Vault XP percentage of total XP
 D = Non-vault monster count
 E = Vault monster count
 F = Vault count percentage of total count
                 A         B        C        D         E       F
            +---------+---------+-------+---------+---------+-------
      Total |      45 |       0 |   0.0 |       1 |       0 |   0.0
            +---------+---------+-------+---------+---------+-------
        D:5 |      45 |       0 |   0.0 |       1 |       0 |   0.0
            +---------+---------+-------+---------+---------+-------

Illustrated notes

Table legend:
 A = Kills in this place as a percentage of kills in entire the game.
 B = Kills by you in this place as a percentage of kills by you in the entire game.
 C = Kills by friends in this place as a percentage of kills by friends in the entire game.
 D = Other kills in this place as a percentage of other kills in the entire game.
 E = Experience gained in this place as a percentage of experience gained in the entire game.
 F = Experience gained in this place divided by the number of levels of this place that you have seen.
                   A       B       C       D       E      F
               +-------+-------+-------+-------+-------+----------------------
         Total | 100.0 | 100.0 |   N/A |   N/A | 100.0 |  22.5
       Dungeon | 100.0 | 100.0 |   N/A |   N/A | 100.0 |  22.5
               +-------+-------+-------+-------+-------+----------------------

Table legend: (Time is in decaauts)
 A = Elapsed time spent in this place.
 B = Non-inter-level travel time spent in this place.
 C = Inter-level travel time spent in this place.
 D = Time resting spent in this place.
 E = Time spent auto-exploring this place.
 F = Levels seen in this place.
 G = Mean time per level.
                   A        B        C        D        E       F      G
               +--------+--------+--------+--------+--------+-----+--------+
         Total |    119 |    119 |      0 |      0 |     89 |   2 |   59.5 |
       Dungeon |    119 |    119 |      0 |      0 |     89 |   2 |   59.5 |
               +--------+--------+--------+--------+--------+-----+--------+

Top non-repeatable levels by time:
     D:5: 118 daAuts
     D:4: 0 daAuts
